 Dungeon Crawl Stone Soup version 0.24-a0-500-g46574c2197 (webtiles) character file.

Game seed: 5673853005265743773

75 Sagrath01 the Cudgeler (level 4, -1/33 HPs)
             Began as a Human Wanderer on July 15, 2019.
             Slain by a worm (8 damage)
             ... on level 2 of the Dungeon.
             The game lasted 00:03:31 (1676 turns).

Sagrath01 the Cudgeler (Human Wanderer)             Turns: 1676, Time: 00:03:32

Health: -1/33      AC:  2    Str: 13    XL:     4   Next: 55%
Magic:  4/4        EV: 11    Int: 13    God:
Gold:   55         SH:  0    Dex: 12    Spells: 3/3 levels left

rFire    . . .     SeeInvis .   a - +2 mace
rCold    . . .     Gourm    .   (no shield)
rNeg     . . .     Faith    .   n - +0 robe (curse)
rPois    +         Spirit   .   (no helmet)
rElec    .         Reflect  .   (no cloak)
rCorr    .         Harm     .   (no gloves)
MR       .....                  (no boots)
Stlth    ++........             (no amulet)
HPRegen  0.11/turn              g - ring of wizardry
MPRegen  0.09/turn              m - ring of poison resistance

@: no status effects
A: no striking features
a: no special abilities


You were on level 2 of the Dungeon.
You were hungry.

You visited 1 branch of the dungeon, and saw 3 of its levels.

You collected 55 gold pieces.

Inventory:

Hand Weapons
 a - a +2 mace (weapon)
 c - a +0 hand axe
Missiles
 h - 3 stones (quivered)
 i - 17 sling bullets
Armour
 d - a +0 robe
 e - a +0 ring mail
 n - a cursed +0 robe (worn)
Jewellery
 g - a ring of wizardry (left hand)
 m - a ring of poison resistance (right hand)
Potions
 b - a potion of lignification
 k - 2 potions of brilliance {unknown}
 l - 2 potions of magic {unknown}
Comestibles
 f - 2 rations


   Skills:
 - Level 2.0 Fighting
 - Level 2.0(3.3) Axes
 + Level 4.2(4.5) Maces & Flails
 - Level 2.0 Armour
 + Level 1.0 Dodging
 - Level 1.0 Stealth
   Level 1.0 Shields


You had 3 spell levels left.
You didn't know any spells.
Your spell library was empty.

Dungeon Overview and Level Annotations

Branches:
Dungeon (3/15)

Altars:


Message History

The worm is lightly wounded.
The worm bites you!
You hit the worm.
The worm is moderately wounded.
You hit the worm.
The worm is moderately wounded.
The worm bites you.
You barely miss the worm.
The worm is moderately wounded.
The worm bites you.
You hit the worm.
The worm is heavily wounded.
You hit the worm.
The worm is heavily wounded.
The worm bites you!
* * * LOW HITPOINT WARNING * * *
You hit the worm.
The worm is severely wounded.
The worm bites you!
You die...

..# #.....#
#.#######># ###
#.....#
#.........# ##
#.....#
#####.##### .#
#.....# #.# ##
#.....# #.#
############ ###.#
#.......# #...#
#.#####.# #.###
#.#####=# #@#
.....##.########w#
#.##.##.#...w..(<#
#.##.(((..########
#.....(.###
#########


You could see a worm.

Vanquished Creatures
  2 adders
  An ooze (D:1)
  A worm (D:2)
  A dart slug (D:1)
  3 leopard geckos
  9 bats
  3 giant cockroaches (D:1)
  5 goblins
  6 hobgoblins
  4 kobolds (D:1)
  A quokka (D:2)
  2 ball pythons (D:1)
  3 frilled lizards
  4 rats
45 creatures vanquished.

Notes
Turn   | Place    | Note
-------+----------+-------------------------------------------
     0 | D:1      | Sagrath01 the Human Wanderer began the quest for the Orb.
     0 | D:1      | Sagrath01 set off with the following items: a +2 mace, a
                  | potion of lignification, a +0 hand axe, a +0 robe, a ration
     0 | D:1      | Reached XP level 1. HP: 16/16 MP: 1/1
   112 | D:1      | Reached XP level 2. HP: 14/22 MP: 2/2
   215 | D:1      | Reached skill level 3 in Maces & Flails
   255 | D:1      | Reached XP level 3. HP: 12/27 MP: 3/3
   962 | D:2      | Reached XP level 4. HP: 31/33 MP: 4/4
  1019 | D:2      | Reached skill level 4 in Maces & Flails
  1301 | D:2      | Reached skill level 1 in Dodging
  1383 | D:2      | HP: 1/33 [worm (1)]
  1676 | D:2      | Slain by a worm

Levels and vault maps discovered:
D:1:      tarquinn_simple_flora_water_c, layout_loops_ring
D:2:      layout_loops_cross
D:3:      layout_rooms, first_ration

Skill      XL: |  1  2  3  4 |
---------------+-------------+-----
Maces & Flails | 3 4 |  4.2
Dodging        | 1 |  1.0
Fighting       | |  2.0
Axes           | |  2.0
Armour         | |  2.0
Stealth        | |  1.0
Shields        | |  1.0

Action                   |  1- 3 |  4- 6 || total
-------------------------+-------+-------++-------
Melee: Mace              |   102 |    62 ||   164
Throw: Stone             |     3 |     7 ||    10
  Use: Scroll            |       |     1 ||     1
  Eat: Chunk             |       |     2 ||     2
Armor: Ring mail         |    71 |    10 ||    81
       Robe              |     1 |     2 ||     3
Dodge: Dodged            |    84 |    30 ||   114

Table legend:
 A = Non-vault XP
 B = Vault XP
 C = Vault XP percentage of total XP
 D = Non-vault monster count
 E = Vault monster count
 F = Vault count percentage of total count
                 A         B        C        D         E       F
            +---------+---------+-------+---------+---------+-------
      Total |     108 |       0 |   0.0 |      45 |       0 |   0.0
            +---------+---------+-------+---------+---------+-------
        D:1 |      68 |       0 |   0.0 |      31 |       0 |   0.0
        D:2 |      40 |       0 |   0.0 |      14 |       0 |   0.0
            +---------+---------+-------+---------+---------+-------
